AoeStats
← MeisolMLG

Arena

508707767Analyzed
4v4 RM · 8d ago on Sep 23, 2026· 19m 14s· 8 players
Game mode
Random Map
Map size
Large (8 player)
Population
200
Speed
Normal
Resources
Standard
Victory
Conquest
Starting age
Dark Age
Ending age
Imperial Age
RankedLock teamsTeams togetherTeam positionsShared explorationLock speedFull tech treeHidden civsTurbo modeCheats
Victory
Defeat
🇺🇾 Japanese · Uruguay
1001
+13
🇧🇷 Khmer · Brazil
966
+14
🇧🇷 Mongols · Brazil
938
+16
🇦🇷 Slavs · Argentina
911
+17
🇺🇸 Burmese · United States
1075
-21
🇨🇿 Turks · Czechia
1014
-18
🇷🇴 Portuguese · Romania
852
-12
🇨🇴 Bohemians · Colombia
790
-9
Will
9:52 Feudal Age
10:43 Horse Collar
11:09 Double-Bit Axe
13:57 Loom
16:42 Castle Age
16:02 Wheelbarrow
16:32 Gold Mining
16:58 Light Cavalry
17:49 Bloodlines
18:09 Scale Barding Armor
19:49 Heavy Plow
TT
2:21 Loom
13:24 Feudal Age
14:16 Town Watch
18:15 Castle Age
17:58 Double-Bit Axe
17:58 Horse Collar
ADORNI
9:21 Loom
11:06 Feudal Age
15:06 Double-Bit Axe
17:31 Castle Age
16:01 Gold Mining
17:10 Bloodlines
16:53 Horse Collar
Oselie
8:44 Loom
10:31 Feudal Age
15:30 Castle Age
13:42 Double-Bit Axe
16:50 Horse Collar
...
8:59 Loom
10:45 Feudal Age
11:13 Loom
12:13 Horse Collar
13:29 Man-at-Arms
13:56 Arson
19:49 Scale Mail Armor
20:00 Forging
MeisolMLG
0:32 Loom
11:14 Feudal Age
11:45 Double-Bit Axe
11:41 Horse Collar
14:23 Wheelbarrow
Agent P
7:19 Loom
9:20 Feudal Age
13:20 Horse Collar
18:20 Castle Age
18:27 Double-Bit Axe
JozefCZ
2:26 Loom
12:23 Feudal Age
17:19 Castle Age
17:25 Wheelbarrow
16:35 Town Watch
18:18 Double-Bit Axe
18:21 Horse Collar
Connection lost

Rejoining the realm…

Still unreachable

The connection could not be restored.

Session expired

The server has moved on; the page needs a fresh start.